 Dungeon Crawl Stone Soup version 0.14-b1-45-gfd36cc2 (webtiles) character file.

1752 Heini the Protected (level 8, -1/71 HPs)
             Began as a Minotaur Fighter on Apr 8, 2014.
             Slain by a gnoll
             ... wielding a +2,+0 halberd
              (7 damage)
             ... on Level 6 of the Dungeon.
             The game lasted 00:23:50 (4783 turns).

Heini the Protected (Minotaur Fighter)              Turns: 4783, Time: 00:23:51

HP  -1/71        AC 11     Str 24      XL: 8   Next: 58%
MP   3/3         EV  7     Int 10      God:
Gold 194         SH 20     Dex 11      Spells:  0 memorised,  7 levels left

rFire  . . .     SeeInvis .     e - +1 morningstar
rCold  . . .     Clarity  .     w - +0 scale mail
rNeg   . . .     Conserve .     c - +0 shield
rPois  .         rCorr    .     (helmet restricted)
rElec  .         rRot     .     (no cloak)
SustAb . .       Spirit   .     (no gloves)
rMut   .         Warding  .     (no boots)
Saprov . . .     Stasis   .     (no amulet)
MR     .....                    (no ring)
                                q - +3 ring of protection

@: brilliant, not resistant to hostile enchantments, extremely unstealthy
A: retaliatory headbutt, horns 2, strong 1
a: no special abilities


You were on level 6 of the Dungeon.
You were hungry.

You visited 2 branches of the dungeon, and saw 7 of its levels.

You collected 194 gold pieces.

Inventory:

Hand weapons
 e - a +1,+1 morningstar (weapon)
 g - a +0,+0 flail
Armour
 c - a +0 shield (worn)
 w - a +0 scale mail (worn)
Comestibles
 a - 3 chunks of gnoll flesh
 d - 4 bread rations
 f - a rambutan
 h - 3 meat rations
 k - 2 pears
 l - 5 rotting chunks of gnoll flesh
 s - 11 grapes
 A - 14 sultanas
Scrolls
 i - a scroll of teleportation
 m - 3 scrolls of remove curse
 v - a scroll of recharging
Jewellery
 q - a +3 ring of protection (left hand)
 y - an uncursed ring of teleport control
 B - a cursed ring of teleportation
Potions
 b - a potion of brilliance
 n - a potion of agility
 o - a potion of resistance
 p - 2 potions of curing


   Skills:
 * Level 6.6 Fighting
 * Level 8.0 Maces & Flails
 * Level 8.4 Armour
 - Level 2.6 Dodging
 - Level 4.8 Shields


You had 7 spell levels left.
You didn't know any spells.

Dungeon Overview and Level Annotations

Branches:
Dungeon (6/15)             Temple (1/1) D:5

Altars:
Ashenzari
Dithmenos
Elyvilon
Fedhas
Makhleb
Nemelex Xobeh
Sif Muna
Trog
Vehumet
Xom
Yredelemnul
Zin
The Shining One

Shops:
D:5 *


Innate Abilities, Weirdness & Mutations

You reflexively headbutt those who attack you in melee.
You have a pair of horns on your head.
Your muscles are strong. (Str +2)


Message History

The gnoll shaman drops an uncursed whip.
The gnoll shaman picks up a spear.
The gnoll shaman wields a spear.
You block the gnoll's attack.
Drink which item? (? for menu, Esc to quit)
You feel clever all of a sudden.
It was a potion of brilliance.
The gnoll barely misses you.
The gnoll shaman calls upon its god to heal the gnoll.
The gnoll is healed somewhat.
The gnoll hits you with a whip.
* * * LOW HITPOINT WARNING * * *
You sock the gnoll!
You kill the gnoll!
You are feeling hungry.
You block the gnoll's attack. The gnoll shaman hits you with a spear.
* * * LOW HITPOINT WARNING * * *
You block the gnoll's attack.
You puncture the gnoll shaman! You headbutt the gnoll shaman.
You kill the gnoll shaman!
Your Maces & Flails skill increases to level 8!
The gnoll hits you from afar with a halberd!
You die...

≈≈≈≈≈≈≈....≈≈≈≈≈
≈≈≈≈≈≈≈....≈≈≈≈≈
≈≈≈≈≈≈≈....≈≈≈≈≈
................
#########''''#####
#.......#....#
#......%#....#
#......)'....+
#@############
#)).....#....
#.g.......≈≈..
#.....)...≈≈..
#...........#...?#
#....######## .
#.... .$. #####
###


You could see a gnoll.

Vanquished Creatures
  Eustachio (D:5)
  2 ice beasts
  An ogre (D:6)
  Sigmund (D:3)
  2 centaurs (D:5)
  Blork the orc (D:5)
  A crimson imp (D:5)
  4 hounds
  A gnoll shaman (D:6)
  An orc priest (D:3)
  4 orc wizards
  2 worker ants
  A hound skeleton (D:4)
  Terence (D:2)
  25 gnolls
  4 adders
  A giant mite (D:5)
  An inept feature mimic (D:3)
  A worm (D:2)
  An adder skeleton (D:4)
  4 giant geckos
  An ooze (D:5)
  22 orcs
  10 bats
  5 giant cockroaches
  12 hobgoblins
  4 jackals (D:6)
  6 quokkas
  4 giant newts
  11 goblins
  8 kobolds
  An orc zombie (D:5)
  A quokka skeleton (D:4)
  7 rats
152 creatures vanquished.

Vanquished Creatures (others)
  An orc wizard (D:5)
1 creature vanquished.

Grand Total: 153 creatures vanquished

Notes
Turn   | Place    | Note
--------------------------------------------------------------
     0 | D:1      | Heini, the Minotaur Fighter, began the quest for the Orb.
     0 | D:1      | Reached XP level 1. HP: 19/19 MP: 1/1
    90 | D:1      | Reached XP level 2. HP: 25/27 MP: 1/1
   111 | D:1      | Reached skill level 4 in Armour
   484 | D:2      | Found a blossoming altar of Fedhas.
   571 | D:2      | Reached XP level 3. HP: 33/33 MP: 2/2
  1016 | D:2      | Noticed Terence
  1022 | D:2      | Killed Terence
  1052 | D:2      | Found a sparkling altar of Nemelex Xobeh.
  1181 | D:2      | Reached XP level 4. HP: 40/40 MP: 2/2
  1199 | D:2      | Reached skill level 1 in Dodging
  1351 | D:3      | Noticed Sigmund
  1546 | D:4      | Reached XP level 5. HP: 40/47 MP: 2/2
  1690 | D:3      | HP: 1/47 [something/magic dart (5)]
  1819 | D:4      | Noticed an ice beast
  1821 | D:4      | Reached skill level 5 in Armour
  1833 | D:4      | Killed an ice beast
  1833 | D:4      | Reached XP level 6. HP: 25/55 MP: 3/3
  2124 | D:4      | Reached skill level 5 in Fighting
  2124 | D:4      | Reached skill level 5 in Maces & Flails
  2282 | D:4      | Found a deep blue altar of Sif Muna.
  2283 | D:4      | Found a glowing silver altar of Zin.
  2572 | D:5      | Entered Level 5 of the Dungeon
  2572 | D:5      | Noticed Blork the orc
  2581 | D:5      | Killed Blork the orc
  2581 | D:5      | Reached XP level 7. HP: 32/61 MP: 3/3
  2774 | D:5      | Reached skill level 6 in Armour
  2970 | D:5      | Found Plog's Assorted Antiques.
  3027 | D:5      | Gained mutation: Your muscles are strong. (Str +2) [potion of beneficial mutation]
  3114 | D:5      | Reached skill level 7 in Armour
  3305 | D:5      | Noticed Eustachio
  3322 | D:5      | Killed Eustachio
  3322 | D:5      | Reached XP level 8. HP: 59/70 MP: 3/3
  3456 | D:5      | Found a staircase to the Ecumenical Temple.
  3791 | Temple   | Entered the Ecumenical Temple
  4048 | D:3      | Killed Sigmund
  4323 | D:3      | Reached skill level 8 in Armour
  4783 | D:6      | Slain by a gnoll

Action                   |  1- 3 |  4- 6 |  7- 9 || total
-------------------------+-------+-------+-------++-------
Melee: Flail             |    81 |   117 |       ||   198
       Morningstar       |       |    29 |   180 ||   209
  Use: Potion            |       |     1 |     3 ||     4
       Scroll            |       |       |    16 ||    16
